Construct Weapon Support Center
Selects Airborne Battlegroup
Selects Paratrooper Squad Paradrop
Paratrooper Squad Paradrop
Construct Medical Station
M3 Armored Personnel Carrier
Paratrooper Squad Paradrop
Selects Smoke Bombing Run
Paratrooper Squad Paradrop
Selects Dual P-47 Rocket Strike
Paratrooper Squad Paradrop
Selects Anti-tank Gun Team Paradrop
M18 Hellcat Tank Destroyer
M4(105) Sherman Bulldozer
Paratrooper Squad Paradrop
M18 Hellcat Tank Destroyer